AoeStats
← KUKA TIRA PIEDRA

African Clearing

510545120Analyzed
2v2 RM · 2d ago on Oct 1, 2026· 47m 56s· 4 players
Game mode
Random Map
Map size
Medium (4 player)
Population
200
Speed
Normal
Resources
Standard
Victory
Conquest
Starting age
Dark Age
Ending age
Imperial Age
RankedLock teamsTeams togetherTeam positionsShared explorationLock speedFull tech treeHidden civsTurbo modeCheats
Victory
Defeat
🇦🇷 Berbers · Argentina
1042
+15
🇦🇷 Ethiopians · Argentina
1012
+16
🇧🇷 Armenians · Brazil
1036
-16
🇷🇺 Japanese · Russia
1015
-15
HealingFortress
12:40 Loom
14:28 Feudal Age
19:53 Castle Age
22:38 Husbandry
24:58 Bloodlines
24:58 Double-Bit Axe
26:33 Fletching
27:59 Wheelbarrow
28:26 Bodkin Arrow
34:18 Pikeman
34:59 Squires
40:30 Horse Collar
47:20 Imperial Age
Vineco
10:26 Loom
13:11 Feudal Age
15:05 Man-at-Arms
15:31 Arson
16:16 Long Swordsman
22:59 Wheelbarrow
22:40 Horse Collar
27:02 Castle Age
25:19 Scale Mail Armor
25:25 Double-Bit Axe
26:21 Forging
27:12 Fletching
27:10 Two-Handed Swordsman
27:50 Squires
27:38 Elite Skirmisher
28:57 Chain Mail Armor
30:11 Bow Saw
30:03 Heavy Plow
31:15 Hand Cart
31:17 Padded Archer Armor
31:13 Bodkin Arrow
34:52 Fervor
35:01 Gold Mining
35:05 Pikeman
38:19 Murder Holes
39:12 Halberdier
45:44 Imperial Age
45:15 Gold Shaft Mining
46:33 Masonry
46:43 Ballistics
45:49 Capped Ram
47:06 Plate Mail Armor
46:36 Bracer
KUKA TIRA PIEDRA
12:02 Loom
14:04 Feudal Age
14:55 Double-Bit Axe
14:52 Horse Collar
17:26 Forging
20:18 Wheelbarrow
22:41 Castle Age
21:53 Scale Barding Armor
22:08 Bloodlines
22:44 Forging
25:26 Iron Casting
29:11 Husbandry
31:30 Heavy Plow
34:41 Chain Barding Armor
35:38 Gold Mining
36:34 Hand Cart
36:33 Fletching
38:04 Stone Mining
40:59 Imperial Age
39:24 Gold Shaft Mining
39:15 Bow Saw
39:05 Bodkin Arrow
41:04 Cavalier
42:46 Blast Furnace
42:20 Crop Rotation
43:04 Conscription
43:46 Plate Barding Armor
47:07 Heavy Camel Rider
Patovich
11:12 Loom
13:38 Feudal Age
14:39 Double-Bit Axe
17:43 Fletching
20:45 Horse Collar
25:37 Castle Age
26:23 Crossbowman
27:15 Thumb Ring
27:13 Bodkin Arrow
27:30 Bow Saw
47:49 Imperial Age
Connection lost

Rejoining the realm…

Still unreachable

The connection could not be restored.

Session expired

The server has moved on; the page needs a fresh start.